 Dungeon Crawl Stone Soup version 0.32-a0-22-g6ae6769602 (console) character file.

Game seed: 8786277796036103337

677 Banquo the Magician (level 7, 0/54 HPs)
             Began as a Djinni Air Elementalist on Jan 19, 2024.
             Slain by a water moccasin (2 damage)
             ... on level 5 of the Dungeon.
             The game lasted 00:12:45 (5255 turns).

Banquo the Magician (Djinni Air Elementalist)       Turns: 5255, Time: 00:12:45

Health: 0/54       AC:  5    Str: 13    XL:     7   Next: 91%
Gold:   208        EV: 12    Int: 18    God:
                   SH:  0    Dex: 14

rFire   + + .        g - +3 dagger
rCold   . . .        (no shield)
rNeg    . . .        a - +0 robe
rPois   ∞            A - +1 hat
rElec   .            (no cloak)
rCorr   .            d - +1 pair of gloves
SInv    .            (boots unavailable)
Will    .....        (no amulet)
Stlth   ++           h - ring of protection from cold
HPRegen 0.29/turn    m - +6 ring of strength
MPRegen 0.00/turn

%: infuse magic (-1 HP)
@: flying, very slightly contaminated
A: sickness immunity, fire resistance 2, cold vulnerability 1, float, innate
caster, HP casting, extra vitality 1
a: no special abilities


You were on level 5 of the Dungeon.
You visited 1 branch of the dungeon, and saw 5 of its levels.

You collected 208 gold pieces.

Inventory:

Hand Weapons
 e - a +0 dagger
 g - a +3 dagger (weapon)
 k - a +0 rapier
 w - a +3 vampiric scythe
Missiles
 n - a throwing net
 o - 15 stones
Armour
 a - a +0 robe (worn)
 d - a +1 pair of gloves (worn)
 A - a +1 hat (worn)
Magical Staves
 j - a staff of fire
Jewellery
 h - a ring of protection from cold (left hand)
 m - a +6 ring of strength (right hand)
Wands
 y - a wand of mindburst (6)
Scrolls
 b - a scroll of blinking {unknown}
 c - 2 scrolls of noise {unknown}
 f - a scroll of revelation {unknown}
 l - a scroll of amnesia {unknown}
 r - 3 scrolls of identify
 s - a scroll of summoning {unknown}
 u - a scroll of teleportation {unknown}
 v - a scroll of poison {unknown}
 x - a scroll of enchant armour {unknown}
Potions
 i - 3 potions of brilliance
 p - 2 potions of haste
 q - a potion of might
 t - 3 potions of curing
 z - a potion of magic {unknown}
 B - a potion of attraction {unknown}


   Skills:
 * Level 5.0 Fighting
 * Level 2.4 Dodging
 - Level 1.5 Stealth
 * Level 5.6 Spellcasting
 * Level 5.6 Conjurations
 * Level 5.6 Hexes
 * Level 5.6 Summonings
 * Level 5.6 Necromancy
 * Level 5.6 Translocations
 * Level 5.6 Fire Magic
 * Level 5.6 Ice Magic
 * Level 5.6 Air Magic
 * Level 5.6 Earth Magic
 * Level 5.6 Alchemy


You knew the following spells:

 Your Spells              Type           Power      Damage    Failure   Level
a - Shock                 Conj/Air       100%       1d9       1%          1
c - Confusing Touch       Hex            25%        N/A       3%          3
d - Static Discharge      Conj/Air       50%        3-6/arc   1%          2
e - Sandblast             Erth           50%        2d12      1%          1
i - Call Imp              Summ           50%        N/A       1%          2
z - Airstrike             Air            12%        2d(2-18)  12%         4
M - Swiftness             Air            25%        N/A       3%          3
Your spell library was empty.

Dungeon Overview and Level Annotations

Branches:
Dungeon (5/15)
 Temple: D:4-7

Altars:
Ru
The Shining One

Annotations:
D:3 1 runed translucent door, Crazy Yiuf, Natasha


Innate Abilities, Weirdness & Mutations

You are immune to sickness and miasma.
You are immune to poison.
Your flesh is very heat resistant. (rF++)
You are vulnerable to cold. (rC-)
You float through the air rather than walking.
You learn spells naturally, not from books.
Your magical power is your life essence.
You have superior vitality. (+4 MHP)


Message History

You are blasted with air!
The water moccasin bites you.
You are too injured to fight recklessly!
You are too injured to fight recklessly!
You are too injured to fight recklessly!
Casting: Airstrike (dangerous; 12% risk of failure)
Confirm with . or Enter, or press ? or * to list all spells.
Aiming: Airstrike (dangerous; 12% risk of failure)
Press: ? - help, Dir - move target, f/p - water moccasin
Aim: a water moccasin (moderately wounded, empty space bonus: 7/8)
You miscast Airstrike.
Nothing appears to happen.
The water moccasin bites you.
Unknown command.
Casting: Airstrike (dangerous; 12% risk of failure)
Confirm with . or Enter, or press ? or * to list all spells.
Aiming: Airstrike (dangerous; 12% risk of failure)
Press: ? - help, Dir - move target, f/p - water moccasin
Aim: a water moccasin (moderately wounded, empty space bonus: 7/8)
The air twists around and strikes the water moccasin!
The water moccasin is almost dead.
* * * LOW HITPOINT WARNING * * *
The water moccasin closely misses you. The water moccasin bites you.
* * * LOW HITPOINT WARNING * * *
Casting: Airstrike (dangerous; 12% risk of failure)
Confirm with . or Enter, or press ? or * to list all spells.
Aiming: Airstrike (dangerous; 12% risk of failure)
Press: ? - help, Dir - move target, f/p - water moccasin
Aim: a water moccasin (almost dead, empty space bonus: 7/8)
You miscast Airstrike.
The wind whips around you.
* * * LOW HITPOINT WARNING * * *
x2 The water moccasin misses you.
Unknown command.
Casting: Airstrike (dangerous; 12% risk of failure)
Confirm with . or Enter, or press ? or * to list all spells.
You don't have enough health to cast this spell.
Unknown command.
Casting: Airstrike (dangerous; 12% risk of failure)
Confirm with . or Enter, or press ? or * to list all spells.
A tiny devil pulls itself out of the air.
* * * LOW HITPOINT WARNING * * *
The water moccasin bites you.
You die...

.# #..# #.# #.. .# #..#
#.# #.#
.###..#########.###.#
.................##.###.#
......###...........>...#
####### #)######.##.#####
# #.######....## #
#........S...#
#...####@.5..#
#...##.......#
#########>.............#
.........†...............
##########...........#.##
# #............#.# #
#............# # #
#............#. #
##...>........


You could see a water moccasin (ally target) and a friendly cerulean imp
(summoned).

Vanquished Creatures
  Sigmund (D:4)
  An ice beast (D:4)
  2 scorpions
  A howler monkey (D:5)
  A crimson imp (D:3)
  2 bombardier beetles (D:3)
  An orc wizard (D:3)
  Natasha (D:3)
  3 adders
  A white imp (D:5)
  5 dart slugs
  4 orcs
  2 endoplasms
  2 giant cockroaches
  9 goblins
  7 hobgoblins
  6 jackals
  4 quokkas
  5 ball pythons
  11 bats
  4 frilled lizards
  3 goblin skeletons (D:3)
  3 hobgoblin zombies (D:3)
  6 kobolds
  4 kobold skeletons (D:3)
  A kobold zombie (D:3)
  An orc skeleton (D:3)
  6 rats
97 creatures vanquished.

Notes
Turn   | Place    | Note
-------+----------+-------------------------------------------
     0 | D:1      | Banquo the Djinni Air Elementalist began the quest for the
                  | Orb.
     0 | D:1      | Banquo set off with the following spells memorised: Shock,
                  | Static Discharge, Swiftness, Airstrike.
     0 | D:1      | Reached XP level 1. HP: 15/15 MP: 0/0
   130 | D:1      | Reached XP level 2. HP: 15/22 MP: 0/0
   140 | D:1      | Reached skill level 1 in Fighting
   607 | D:1      | Reached XP level 3. HP: 26/27 MP: 0/0
   607 | D:1      | Learned a level 1 spell: Sandblast
  2271 | D:2      | Reached XP level 4. HP: 28/33 MP: 0/0
  2794 | D:3      | Found a glowing golden altar of the Shining One.
  2813 | D:3      | Reached XP level 5. HP: 22/40 MP: 0/0
  2813 | D:3      | Learned a level 2 spell: Call Imp
  3031 | D:3      | Found a faded altar of an unknown god.
  3083 | D:3      | Found a runed translucent door.
  3084 | D:3      | Noticed Crazy Yiuf
  3130 | D:3      | Found a sacrificial altar of Ru.
  3130 | D:3      | Noticed Natasha
  3362 | D:3      | Reached XP level 6. HP: 38/46 MP: 0/0
  3435 | D:3      | Killed Natasha
  3710 | D:3      | Noticed Natasha
  3903 | D:4      | Noticed Sigmund
  4187 | D:4      | Killed Sigmund
  4188 | D:4      | Reached skill level 5 in Spellcasting
  4188 | D:4      | Reached skill level 5 in Conjurations
  4188 | D:4      | Reached skill level 5 in Hexes
  4188 | D:4      | Reached skill level 5 in Summonings
  4188 | D:4      | Reached skill level 5 in Necromancy
  4188 | D:4      | Reached skill level 5 in Translocations
  4188 | D:4      | Reached skill level 5 in Fire Magic
  4188 | D:4      | Reached skill level 5 in Ice Magic
  4188 | D:4      | Reached skill level 5 in Air Magic
  4188 | D:4      | Reached skill level 5 in Earth Magic
  4188 | D:4      | Reached skill level 5 in Alchemy
  4188 | D:4      | Reached XP level 7. HP: 51/53 MP: 0/0
  4188 | D:4      | Learned a level 3 spell: Confusing Touch
  4932 | D:5      | Entered Level 5 of the Dungeon
  5109 | D:5      | Reached skill level 5 in Fighting
  5244 | D:5      | Noticed a water moccasin
  5255 | D:5      | Slain by a water moccasin

Illustrated notes

Levels and vault maps discovered:
D:1:      kennysheep_arrival_seaside, layout_loops_ring,
          minmay_misc_feat_secret_circle, minmay_misc_feat_ornament,
          nicolae_twisty_statue_hallways
D:2:      layout_loops_ring
D:3:      layout_loops_ring, nicolae_ru_great_annihilating_truth,
          nicolae_tso_besieged_by_evil, dreamdust_ecumenical_altar_statues,
          serial_park_tiny_pond, uniq_natasha, uniq_crazy_yiuf_cottage
D:4:      layout_basic, uniq_sigmund
D:5:      layout_loops_ring, mainiacjoe_overflow_paths,
          serial_library_regret_index_small_wings, st_stairs_14

Skill      XL: |  1  2  3  4  5  6  7 |
---------------+----------------------+-----
Fighting       | 1 2 3 4 5 |  5.0
Spellcasting   | 4 5 |  5.6
Conjurations   | 4 5 |  5.6
Hexes          | 4 5 |  5.6
Summonings     | 4 5 |  5.6
Necromancy     | 4 5 |  5.6
Translocations | 4 5 |  5.6
Fire Magic     | 4 5 |  5.6
Ice Magic      | 4 5 |  5.6
Air Magic      | 4 5 |  5.6
Earth Magic    | 4 5 |  5.6
Alchemy        | 4 5 |  5.6
Dodging        | |  2.4
Stealth        | |  1.5

Action                     |  1- 3 |  4- 6 |  7- 9 || total
---------------------------+-------+-------+-------++-------
   Cast: Shock             |    87 |    96 |    43 ||   226
         Call Imp          |       |     6 |     5 ||    11
         Airstrike         |       |       |     7 ||     7
    Use: Scroll            |       |     4 |       ||     4
 Armour: Robe              |    10 |     8 |    14 ||    32
  Dodge: Dodged            |    18 |     8 |    14 ||    40

Table legend: (Time is in decaauts)
 A = Elapsed time spent in this place.
 B = Non-inter-level travel time spent in this place.
 C = Inter-level travel time spent in this place.
 D = Time resting spent in this place.
 E = Time spent auto-exploring this place.
 F = Levels seen in this place.
 G = Mean time per level.
                   A        B        C        D        E       F      G
               +--------+--------+--------+--------+--------+-----+--------+
         Total |   5255 |   4636 |    619 |    274 |   3610 |   5 | 1051.0 |
       Dungeon |   5255 |   4636 |    619 |    274 |   3610 |   5 | 1051.0 |
               +--------+--------+--------+--------+--------+-----+--------+

Top non-repeatable levels by time:
     D:1: 1698 daAuts
     D:3: 1390 daAuts
     D:4: 1112 daAuts
     D:2: 860 daAuts
     D:5: 192 daAuts
